 Dungeon Crawl Stone Soup version 0.29-a0-837-g174bc33265 (webtiles) character file.

Game seed: 7104207543067068289

85 Ijustatesigmund the Firebug (level 4, -6/33 HPs)
             Began as a Hill Orc Fire Elementalist on July 13, 2022.
             Mangled by Natasha (8 damage)
             ... on level 3 of the Dungeon.
             The game lasted 00:04:45 (3679 turns).

Ijustatesigmund the Firebug (HOFE)                  Turns: 3679, Time: 00:04:46

Health: -6/33      AC:  6    Str: 10    XL:     4   Next: 48%
Magic:  2/7        EV: 12    Int: 17    God:
Gold:   158        SH:  0    Dex: 11    Spells: 4/7 levels left

rFire   . . .      SeeInvis .   d - +0 whip
rCold   . . .      Faith    .   (no shield)
rNeg    . . .      Spirit   .   a - +1 robe
rPois   .          Reflect  .   j - +0 helmet
rElec   .          Harm     .   l - +0 cloak
rCorr   .          Rampage  .   (no gloves)
Will    .....                   q - +0 pair of boots
Stlth   ++........              (no amulet)
HPRegen 0.11/turn               f - ring of flight
MPRegen 0.10/turn               (no ring)

@: flying
A: no striking features
a: no special abilities


You were on level 3 of the Dungeon.
You visited 1 branch of the dungeon, and saw 3 of its levels.

You collected 158 gold pieces.

Inventory:

Hand Weapons
 d - a +0 whip (weapon)
Armour
 a - a +1 robe (worn)
 j - a +0 helmet (worn)
 l - a +0 cloak (worn)
 p - the +2 helmet of Kanuaw {Fly rElec rPois rF-}
   (You found it on level 3 of the Dungeon)

   rF:        It makes you vulnerable to fire.
   rElec:     It insulates you from electricity.
   rPois:     It protects you from poison.
   Fly:       It grants you flight.
 q - a +0 pair of boots (worn)
Jewellery
 f - a ring of flight (left hand)
Scrolls
 h - 2 scrolls of teleportation
 n - a scroll of immolation
 r - a scroll of torment
Potions
 b - a potion of magic
 c - a potion of invisibility
 e - 2 potions of attraction {unknown}
 g - 2 potions of haste {unknown}
 i - 2 potions of flight {unknown}
 k - a potion of heal wounds {unknown}
 m - 2 potions of brilliance {unknown}
 o - 2 potions of curing {unknown}


   Skills:
 - Level 1.5 Dodging
 - Level 1.5 Stealth
 + Level 2.0 Spellcasting
 * Level 2.7 Conjurations
 * Level 4.3 Fire Magic


You had 4 spell levels left.
You knew the following spells:

 Your Spells              Type           Power      Damage    Failure   Level
a - Foxfire               Conj/Fire      52%        2x1d6     4%          1
b - Scorch                Fire           32%        2d6       4%          2

Your spell library contained the following spells:

 Spells                   Type           Power      Damage    Failure   Level
 Conjure Flame            Conj/Fire      13%        6-21      14%         3
 Inner Flame              Hex/Fire       9%         N/A       24%         3
 Flame Wave               Conj/Fire      13%        2d6       41%         4


Dungeon Overview and Level Annotations

Branches:
Dungeon (3/15)

Altars:

Annotations:
D:3 Natasha


Message History

Natasha zaps a wand.
The puff of flame hits you.
The crimson imp shouts, "Bolt, thou bawdy dread-bolted frater!"
The crimson imp blinks!
Casting: Scorch (safe; 4% risk of failure)
Confirm with . or Enter, or press ? or * to list all spells.
There is not enough space to conjure foxfire!
Casting: Foxfire (safe; 4% risk of failure)
Confirm with . or Enter, or press ? or * to list all spells.
There is not enough space to conjure foxfire!
You closely miss Natasha. Natasha claws you. The crimson imp barely misses you.
You hit Natasha.
Natasha is lightly wounded.
Natasha misses you. The crimson imp barely misses you.
You barely miss Natasha.
Natasha is lightly wounded.
The crimson imp disappears in a puff of smoke!
Natasha stares at you and mumbles some strange words.
The magic dart hits you. Natasha closely misses you.
You hit Natasha but do no damage.
Natasha is lightly wounded.
Natasha casts a spell at you. The magic dart hits you.
You hit Natasha.
Natasha is moderately wounded.
Natasha misses you.
Casting: Foxfire (safe; 4% risk of failure)
Confirm with . or Enter, or press ? or * to list all spells.
You conjure some foxfire!
Natasha claws you!
* * * LOW HITPOINT WARNING * * *
The foxfire hits Natasha.
Natasha is heavily wounded.
Natasha closely misses you.
Casting: Foxfire (safe; 4% risk of failure)
Confirm with . or Enter, or press ? or * to list all spells.
You conjure some foxfire!
Natasha claws you.
* * * LOW HITPOINT WARNING * * *
The foxfire hits Natasha.
Natasha is severely wounded.
Natasha claws you!
You die...

..#.###.#
#######.#
..#.#
#.#### .
..#.#
#....#
..#.#
####.#
..#.# #.#
..#.. #.#
..### #.#
#.#######
#....†.@#
#######h#
#.#
#...5#
######


You could see Natasha.

Vanquished Creatures
  3 gnolls (D:3)
  An adder (D:3)
  2 worms (D:3)
  A dart slug (D:1)
  4 ball pythons
  4 bats
  An endoplasm (D:3)
  8 goblins
  3 hobgoblins
  2 quokkas
  5 frilled lizards
  5 kobolds
  5 rats
44 creatures vanquished.

Vanquished Creatures (collateral kills)
  A foxfire (D:2)
1 creature vanquished.

Vanquished Creatures (others)
  140 foxfires
140 creatures vanquished.

Grand Total: 185 creatures vanquished

Notes
Turn   | Place    | Note
-------+----------+-------------------------------------------
     0 | D:1      | Ijustatesigmund the Hill Orc Fire Elementalist began the
                  | quest for the Orb.
     0 | D:1      | Reached XP level 1. HP: 14/14 MP: 3/3
   268 | D:1      | Reached XP level 2. HP: 16/20 MP: 0/4
   271 | D:1      | Learned a level 2 spell: Scorch
  1390 | D:2      | Found a faded altar of an unknown god.
  1662 | D:2      | Reached XP level 3. HP: 26/26 MP: 3/5
  2430 | D:3      | Identified the +2 helmet of Kanuaw {Fly rElec rPois rF-}
  2610 | D:3      | Reached skill level 4 in Fire Magic
  2619 | D:3      | Reached XP level 4. HP: 22/33 MP: 1/7
  3660 | D:3      | Noticed Natasha
  3679 | D:3      | Mangled by Natasha

Illustrated notes

Levels and vault maps discovered:
D:1:      saegor_arrival_miasma, layout_loops_corners, minmay_misc_feat_hallway,
          serial_park_tiny_2
D:2:      layout_basic, hellmonk_ecumenical_altar_pennies_from_heaven,
          serial_forest, infiniplex_forest_straight_5,
          infiniplex_forest_clump_long, infiniplex_forest_lined_room_2,
          infiniplex_forest_lined_ring, infiniplex_forest_zigzag_2,
          infiniplex_forest_clump_tiny, infiniplex_forest_lined_room_2,
          corexii_item_surrounded_by_moat
D:3:      layout_basic, uniq_natasha

Skill      XL: |  1  2  3 |
---------------+----------+-----
Conjurations   | 2 |  2.7
Fire Magic     | 4 |  4.3
Spellcasting   | 2 |  2.0
Dodging        | |  1.5
Stealth        | |  1.5

Action                   |  1- 3 |  4- 6 || total
-------------------------+-------+-------++-------
Melee: Whip              |    21 |    17 ||    38
 Cast: Foxfire           |    63 |    27 ||    90
       Scorch            |     3 |     2 ||     5
  Use: Scroll            |     5 |     2 ||     7
Armor: Robe              |    10 |     9 ||    19
Dodge: Dodged            |    17 |    14 ||    31

Table legend: (Time is in decaauts)
 A = Elapsed time spent in this place.
 B = Non-inter-level travel time spent in this place.
 C = Inter-level travel time spent in this place.
 D = Time resting spent in this place.
 E = Time spent auto-exploring this place.
 F = Levels seen in this place.
 G = Mean time per level.
                   A        B        C        D        E       F      G
               +--------+--------+--------+--------+--------+-----+--------+
         Total |   3681 |   3609 |     72 |    709 |   2505 |   3 | 1227.0 |
       Dungeon |   3681 |   3609 |     72 |    709 |   2505 |   3 | 1227.0 |
               +--------+--------+--------+--------+--------+-----+--------+

Top non-repeatable levels by time:
     D:1: 1363 daAuts
     D:3: 1269 daAuts
     D:2: 1049 daAuts
